[Event "2nd Bundesliga Nord 2024-25"]
[Site "Germany"]
[Date "2024.11.30"]
[Round "2.1"]
[White "Ernst, Sipke"]
[Black "Halvax, Georg"]
[Result "0-1"]
[Annotator "ChessBase"]
[ECO "A07"]
[WhiteElo "2519"]
[BlackElo "2434"]
[PlyCount "78"]
[EventDate "2024.11.29"]
[EventType "team-tourn"]
[EventCountry "GER"]
[SourceTitle "playchess.com"]
[Source "ChessBase"]
[SourceQuality "1"]
[TimeControl "40/5400+30:1800+30"]

1. Nf3 d5 2. g3 Bg4 3. Bg2 e6 4. b3 Nf6 5. Bb2 Be7 6. h3 Bh5 7. c4 c6 8. d3 O-O 9. Nbd2 a5 10. g4 Bg6 11. Ne5 Nfd7 12. Nxg6 hxg6 13. d4 f5 14. e3 a4 15. h4 axb3 16. Qxb3 fxg4 17. cxd5 cxd5 18. h5 Bh4 19. Bxd5 exd5 20. Qxd5+ Kh8 21. hxg6 Ra5 22. Qg2 Rh5 23. Qxg4 Nf6 24. Qg2 Qa5 25. Qxb7 Nbd7 26. Rc1 Qf5 27. Rf1 Nd5 28. Ke2 Qg4+ 29. f3 Qg2+ 30. Kd3 Nxe3 31. Rg1 Qh3 32. Ba3 Re8 33. Rh1 Qf5+ 34. Kc3 Qa5+ 35. Bb4 Nd5+ 36. Kb3 Nxb4 37. Qxd7 Qxa2+ 38. Kxb4 Qxd2+ 39. Kc4 Qe2+ 0-1

[Event "2nd Bundesliga Nord 2024-25"]
[Site "Germany"]
[Date "2024.11.30"]
[Round "2.2"]
[White "Gaponenko, Inna"]
[Black "Peyrer, Konstantin"]
[Result "1/2-1/2"]
[Annotator "ChessBase"]
[ECO "C44"]
[WhiteElo "2341"]
[BlackElo "2437"]
[PlyCount "62"]
[EventDate "2024.11.29"]
[EventType "team-tourn"]
[EventCountry "GER"]
[SourceTitle "playchess.com"]
[Source "ChessBase"]
[SourceQuality "1"]
[TimeControl "40/5400+30:1800+30"]

1. e4 e5 2. Nf3 Nc6 3. d4 exd4 4. Bc4 Bb4+ 5. c3 dxc3 6. O-O Nf6 7. e5 d5 8. Bb5 Ne4 9. Qa4 c2 10. Nbd2 Bxd2 11. Bxc6+ bxc6 12. Nxd2 Nxd2 13. Bxd2 O-O 14. Qxc2 Rb8 15. Be3 a5 16. Qxc6 Rxb2 17. Rfd1 Be6 18. Qc5 a4 19. Qa3 Rc2 20. Qxa4 Rc4 21. Qxc4 dxc4 22. Rxd8 Rxd8 23. h3 Bf5 24. Rc1 Bd3 25. a4 Rd5 26. f4 g5 27. fxg5 Rxe5 28. Bf4 Ra5 29. Bxc7 Rxa4 30. Be5 Ra6 31. Ra1 Rxa1+ 1/2-1/2

[Event "2nd Bundesliga Nord 2024-25"]
[Site "Germany"]
[Date "2024.11.30"]
[Round "2.3"]
[White "Woelk, Tom-Frederic"]
[Black "Schlecht, Daniel"]
[Result "1-0"]
[Annotator "ChessBase"]
[ECO "C83"]
[WhiteElo "2378"]
[BlackElo "2372"]
[PlyCount "75"]
[EventDate "2024.11.29"]
[EventType "team-tourn"]
[EventCountry "GER"]
[SourceTitle "playchess.com"]
[Source "ChessBase"]
[SourceQuality "1"]
[TimeControl "40/5400+30:1800+30"]

1. e4 e5 2. Nf3 Nc6 3. Bb5 a6 4. Ba4 Nf6 5. O-O Nxe4 6. d4 Be7 7. Re1 b5 8. Bb3 d5 9. dxe5 Be6 10. c3 O-O 11. Nd4 Nxe5 12. f3 Bh4 13. fxe4 Bg4 14. Qd2 c5 15. Rf1 cxd4 16. Qf4 Bf6 17. cxd4 Nd3 18. Qxg4 Bxd4+ 19. Kh1 Nxc1 20. Rxc1 Bxb2 21. Nd2 Bxa1 22. Rxa1 dxe4 23. Nxe4 a5 24. Rf1 Ra6 25. Qf5 h6 26. Qxb5 Ra7 27. Qf5 Kh8 28. h3 Qe7 29. Bc2 g6 30. Qf4 Kg7 31. Qe3 f5 32. Qd4+ Kh7 33. Ng3 Qg7 34. Qf2 Rc7 35. Bb1 Rff7 36. h4 h5 37. Qf4 Rc5 38. Ne4 1-0

[Event "2nd Bundesliga Nord 2024-25"]
[Site "Germany"]
[Date "2024.11.30"]
[Round "2.4"]
[White "Bashylina, Luisa"]
[Black "Colpe, Malte"]
[Result "0-1"]
[Annotator "TA"]
[ECO "D35"]
[WhiteElo "2105"]
[BlackElo "2371"]
[PlyCount "102"]
[EventDate "2024.11.29"]
[EventType "team-tourn"]
[EventCountry "GER"]
[SourceTitle "playchess.com"]
[Source "ChessBase"]
[SourceQuality "1"]
[TimeControl "40/5400+30:1800+30"]

1. d4 Nf6 2. c4 e6 3. Nc3 d5 4. cxd5 exd5 5. Bg5 Be7 6. e3 h6 7. Bh4 O-O 8. Bd3 c6 9. Bg3 c5 10. dxc5 Bxc5 11. Nge2 Nc6 12. O-O Bg4 13. h3 Bh5 14. Qb3 d4 15. exd4 Nxd4 16. Qxb7 (16. Nxd4 $5 Qxd4 $11) 16... Nf3+ 17. gxf3 Qxd3 18. Kg2 Qf5 19. Rad1 Rad8 20. Ng1 Bb6 21. Qa6 Bg6 22. Qa4 Nh5 23. Bh2 (23. Rxd8 $11 {keeps the balance.} Rxd8 24. Rd1 Rxd1 25. Qxd1) 23... Kh7 24. Nge2 Qg5+ 25. Qg4 Qc5 26. b4 Qe7 27. Rfe1 $2 (27. Nf4 $15) 27... f5 $19 28. Qc4 {[%emt 0:01:12] [#]} Rc8 $1 29. Qb5 Qg5+ 30. Bg3 {[%emt 0:01:53] [#]} Nxg3 $1 (30... Bxf2 31. h4 $14) 31. fxg3 Qe3 32. Rf1 Rxc3 33. Nxc3 Qxc3 34. Rfe1 f4 35. g4 (35. Qe5 {was forced.} Qc2+ (35... Qxb4 $2 36. Rd7 $19) 36. Qe2) 35... Qf6 36. Qf1 Be3 37. Rd7 (37. Kh2 $142) 37... Rc8 38. Kh1 (38. Re2 $19) 38... Qh4 39. Rd6 Rc3 (39... Rc2 $142 40. Rdd1 Rf2 (40... Rxa2 $2 41. b5 $19) (40... Qg3 $2 41. Re2 $19) 41. Rxe3 fxe3 42. Qxf2 Qxf2 43. Rg1 Qxf3+ (43... Qxa2 $2 44. g5 $19) (43... e2 44. h4 Qxf3+ 45. Kh2 Be4 46. g5 e1=Q 47. g6+ Kh8 48. Rxe1 Qg2#) 44. Kh2 Qf4+ (44... e2 45. Rg3 Qf4 46. Kg2 Be4+ 47. Rf3 Qxf3+ 48. Kh2 Qg2#) 45. Rg3 e2 (45... Qxb4 46. h4 e2 47. Rg1 e1=Q 48. Rxe1 Qxe1 49. Kg2 Be4+ 50. Kh3 Qh1+ 51. Kg3 Qf3+ 52. Kh2 Qg2#) (45... Qf2+ 46. Rg2 Be4 47. Rxf2 exf2 48. Kg3 f1=Q 49. g5 Qf3+ 50. Kh4 Qf4+ 51. Kh5 Qxg5#) 46. Kg2 e1=Q (46... e1=R 47. Rf3 Re2+ 48. Kg1 Qh2+ 49. Kf1 Qg2#) 47. Rf3 Qfd2+ 48. Rf2 Qdxf2#) 40. Red1 Bc2 (40... Rc2 $142 41. Rxg6 Rf2 (41... Kxg6 $2 {loses.} 42. Qd3+ Kf7 43. Qd5+ Kf8 44. Qa8+ Kf7 45. Rd7+ $18) 42. Rxg7+ Kxg7 (42... Kh8 43. Rh7+ Kxh7 44. Rd7+) 43. Rd7+ Kf8 44. Rd8+ Qxd8 45. Qa1 Kg8 (45... Rxf3 46. Qh8+ Ke7 47. Qh7+ Kf6 48. Qf5+ Kg7 49. Qe5+ Qf6 50. Qc7+ Kg6 51. Qc2+ Kg5 52. Kh2 Kh4 53. Kg2 Rg3+ 54. Kf1 Qa6+ 55. b5 Qxb5+ 56. Qd3 Qxd3+ 57. Ke1 Rg1#) 46. Qb1 Qf6 (46... Rxf3 $2 47. Qg6+ Kf8 48. Qxh6+ Kf7 49. Qh7+ Ke6 50. Qe4+ Kf6 51. Qxf3 $19) 47. Qd1 Rd2 (47... Rxa2 $2 48. Qd5+ Qf7 49. Qd8+ Kg7 50. Qd1 $19) (47... Kh8 $2 48. g5 $19) 48. Qc1 Rh2+ (48... Rxa2 49. Qc8+ Kg7 50. Qd7+ Qf7 51. Qxf7+ Kxf7 52. b5 Kg6 53. h4 Rf2 54. Kg1 Rxf3+ 55. Kg2 Rg3+ 56. Kh2 Rxg4 57. h5+ Kxh5 58. Kh1 f3 59. Kh2 Bf2 60. Kh3 Rh4#) 49. Kxh2 Bxc1 50. Kg2 Qb2+ 51. Kh1 Qf2 (51... Qxa2 52. h4 Be3 53. b5 Qf2 54. h5 Qg1#) 52. b5 Be3 53. a4 Qg1#) 41. R1d5 Ba4 42. Rh5 Qg3 43. g5 Rc1 (43... Be8 $142 44. a4 Rc1 (44... Bxh5 45. Qb1+ g6 46. Rd7+ Kh8 47. Rd8+ Kg7 48. Rd7+ Kf8 49. Rd8+ Ke7 50. Qe4+ Kxd8 51. Qd5+ Kc8 52. Qe6+ Kb8 53. Qd6+ Rc7 54. Qd8+ Kb7 55. Qd5+ Kc8 56. Qg8+ Kd7 57. Qd5+ Ke8 58. Qe6+ Kd8 59. Qd6+ Kc8 60. Qe6+ Kb8 61. Qe8+ Kb7 62. Qb5+ Bb6 63. Qd5+ Rc6 64. Qd7+ Bc7 65. Qd5 Qxh3+ 66. Kg1 Bb6+ 67. Qc5 Rxc5 68. bxc5 Bxc5#) (44... Bg6 $2 45. b5 $19) 45. Qxc1 Bxc1 46. g6+ Bxg6 47. Re5 Qxf3+ 48. Kg1 Qg3+ (48... Qxh3 49. Rde6 f3 50. Rxg6 Kxg6 51. Re6+ Qxe6 52. Kf2 Qe2+ 53. Kg3 Qg2+ 54. Kh4 Bg5#) (48... Be3+ {leads to mate.} 49. Rxe3 Qxe3+ 50. Kg2 f3+ 51. Kg3 f2+ 52. Kg2 Be4+ 53. Kh2 Qf4#) 49. Kh1 f3 (49... Qxh3+ 50. Kg1 f3 51. Rxg6 Kxg6 52. Re6+ Qxe6 53. Kf2 Qe2+ 54. Kg3 Qg2+ 55. Kh4 Bg5#) 50. Rxg6 Qxg6 (50... Qxe5 51. h4 Kxg6 52. a5 Qe1+ 53. Kh2 Bf4+ 54. Kh3 Qg3#) 51. Re2 fxe2 52. b5 e1=Q+ 53. Kh2 Qgg3#) 44. g6+ $19 Qxg6 $1 45. Qxc1 Qxd6 46. Qb1+ g6 47. Ra5 Bc6 48. Qf1 Qxb4 49. Re5 Qd6 50. Ra5 Qd2 51. Re5 Bxf3+ 0-1

[Event "2nd Bundesliga Nord 2024-25"]
[Site "Germany"]
[Date "2024.11.30"]
[Round "2.5"]
[White "Van Delft, Merijn"]
[Black "Schaefer, Markus"]
[Result "1/2-1/2"]
[Annotator "TA"]
[ECO "C01"]
[WhiteElo "2359"]
[BlackElo "2344"]
[PlyCount "95"]
[EventDate "2024.11.29"]
[EventType "team-tourn"]
[EventCountry "GER"]
[SourceTitle "playchess.com"]
[Source "ChessBase"]
[SourceQuality "1"]
[TimeControl "40/5400+30:1800+30"]

1. e4 e6 2. d4 d5 3. exd5 exd5 4. Nf3 Nf6 5. Bd3 Be7 6. h3 O-O 7. O-O c5 8. dxc5 Bxc5 9. Nc3 Be6 10. Bg5 Nbd7 11. Qd2 a6 12. Rfe1 Qc7 13. Bf4 Bd6 14. Bxd6 Qxd6 15. Nd4 Nc5 16. a3 Rfe8 17. Re3 Bd7 18. Rae1 Rxe3 19. Rxe3 Re8 20. Rxe8+ Nxe8 21. b4 Nxd3 22. Qxd3 Nf6 23. Nce2 g6 24. Qe3 Kg7 25. g4 h6 26. Kg2 b6 27. f3 a5 28. Qc3 axb4 29. axb4 Kh7 30. Qd2 Kg7 31. c3 Bc8 32. Qe3 Bd7 33. Nf4 Qc7 34. h4 Qd6 35. Nfe2 {[%emt 0:01:35] Excellent horsemanship.} Ng8 36. Nf4 Nf6 37. Nd3 {[%emt 0:01:14] White is more active.} Bc8 38. Qe5 (38. b5 $16) 38... Qxe5 $11 39. Nxe5 {[%emt 0:00:07][%mdl 4096] Endgame KBN-KNN} h5 40. g5 Ne8 41. c4 f6 $1 42. gxf6+ Kxf6 43. f4 Nc7 44. c5 bxc5 45. bxc5 Bf5 46. Kf3 Be4+ 47. Ke3 Ke7 48. Nec6+ 1/2-1/2

[Event "2nd Bundesliga Nord 2024-25"]
[Site "Germany"]
[Date "2024.11.30"]
[Round "2.6"]
[White "Zolfagharian, Kevin"]
[Black "Garner, Isaac"]
[Result "1-0"]
[Annotator "TA"]
[ECO "A04"]
[WhiteElo "2215"]
[BlackElo "2331"]
[PlyCount "29"]
[EventDate "2024.11.29"]
[EventType "team-tourn"]
[EventCountry "GER"]
[SourceTitle "playchess.com"]
[Source "ChessBase"]
[SourceQuality "1"]
[TimeControl "40/5400+30:1800+30"]

1. Nf3 Nf6 2. g3 c5 3. Bg2 Nc6 4. d4 cxd4 5. Nxd4 e5 6. Nb5 (6. Nxc6 {simplifies} dxc6 7. Qxd8+ Kxd8 8. Nd2) 6... d5 7. Bxd5 Qa5+ (7... Qb6 {looks sharper.} 8. Bc4 Bc5 9. Nd6+ Bxd6 10. Qxd6 Bh3) 8. N5c3 $1 Bh3 9. Bxc6+ $1 bxc6 10. Qd3 Bc5 {[%emt 0:09:29] Threatens to win with ...Rd8.} 11. Nd2 Rd8 12. Qf3 Qa6 13. Nde4 Nxe4 $1 14. Nxe4 Be6 $2 15. Nxc5 1-0

[Event "2nd Bundesliga Nord 2024-25"]
[Site "Germany"]
[Date "2024.11.30"]
[Round "2.7"]
[White "Bracker, Frank"]
[Black "Berg, Michael"]
[Result "1/2-1/2"]
[Annotator "ChessBase"]
[ECO "E04"]
[WhiteElo "2297"]
[BlackElo "2252"]
[PlyCount "77"]
[EventDate "2024.11.29"]
[EventType "team-tourn"]
[EventCountry "GER"]
[SourceTitle "playchess.com"]
[Source "ChessBase"]
[SourceQuality "1"]
[TimeControl "40/5400+30:1800+30"]

1. Nf3 d5 2. g3 Nf6 3. Bg2 c5 4. O-O Nc6 5. d4 e6 6. c4 dxc4 7. Qa4 Bd7 8. Qxc4 b5 9. Qd3 Rc8 10. dxc5 Bxc5 11. Nc3 a6 12. Bg5 Nb4 13. Qd2 Bc6 14. Qxd8+ Rxd8 15. Rac1 Be7 16. a3 Nbd5 17. Ne5 Ba8 18. Nxd5 Nxd5 19. Bxe7 Kxe7 20. Nc6+ Bxc6 21. Rxc6 Rd6 22. Rfc1 Rhd8 23. e3 Nb6 24. b3 Rxc6 25. Rxc6 Rd6 26. Rc7+ Rd7 27. Rc3 Rd1+ 28. Bf1 Kd6 29. Kg2 h6 30. Be2 Nd5 31. Rc8 Rd2 32. Kf1 Ra2 33. Ra8 Nc7 34. Rd8+ Ke7 35. Rc8 Kd7 36. Rf8 Ke7 37. Rc8 Kd7 38. Rf8 Ke7 39. Rc8 1/2-1/2

[Event "2nd Bundesliga Nord 2024-25"]
[Site "Germany"]
[Date "2024.11.30"]
[Round "2.8"]
[White "Wickenfeld, Stefan"]
[Black "Weihrauch, Jakob"]
[Result "0-1"]
[Annotator "ChessBase"]
[ECO "E19"]
[WhiteElo "2188"]
[BlackElo "2246"]
[PlyCount "86"]
[EventDate "2024.11.29"]
[EventType "team-tourn"]
[EventCountry "GER"]
[SourceTitle "playchess.com"]
[Source "ChessBase"]
[SourceQuality "1"]
[TimeControl "40/5400+30:1800+30"]

1. d4 Nf6 2. Nf3 e6 3. g3 b6 4. Bg2 Bb7 5. O-O Be7 6. c4 O-O 7. Nc3 Ne4 8. Qc2 Nxc3 9. Qxc3 d6 10. Rd1 Nd7 11. b4 c5 12. Be3 cxb4 13. Qxb4 d5 14. Qa4 Qc7 15. Rac1 Bc6 16. Qb3 Qb7 17. Ne5 Nxe5 18. cxd5 Nf3+ 19. Bxf3 Bxd5 20. Bxd5 exd5 21. Rc2 Bd6 22. Rdc1 Rad8 23. Rc6 Qe7 24. R1c2 Rfe8 25. Qb5 h6 26. Qxd5 Bxg3 27. Qg2 Be5 28. Rd2 Qb4 29. Qg4 h5 30. Qxh5 Bxh2+ 31. Kxh2 Rxe3 32. fxe3 Qxd2 33. Rc7 Qxa2 34. e4 g6 35. Qf3 Rxd4 36. Rc8+ Kg7 37. Rc6 Kf8 38. e5 Qd2 39. Rf6 Rh4+ 40. Kg2 Qg5+ 41. Kf1 Qc1+ 42. Kg2 Qh1+ 43. Kg3 Qh2# 0-1

[Event "2nd Bundesliga Nord 2024-25"]
[Site "Germany"]
[Date "2024.11.30"]
[Round "2.9"]
[White "Fromm, Marius"]
[Black "Lutz, Christopher"]
[Result "0-1"]
[Annotator "ChessBase"]
[ECO "B82"]
[WhiteElo "2452"]
[BlackElo "2524"]
[PlyCount "62"]
[EventDate "2024.11.29"]
[EventType "team-tourn"]
[EventCountry "GER"]
[SourceTitle "playchess.com"]
[Source "ChessBase"]
[SourceQuality "1"]
[TimeControl "40/5400+30:1800+30"]

1. e4 c5 2. Nf3 e6 3. d4 cxd4 4. Nxd4 Nc6 5. Nc3 Qc7 6. Be3 a6 7. a3 Nf6 8. f4 d6 9. Qf3 Bd7 10. O-O-O Rc8 11. Kb1 Nxd4 12. Rxd4 b5 13. Be2 Be7 14. Rhd1 Bc6 15. g4 d5 16. e5 Nd7 17. Qg3 Rb8 18. f5 b4 19. axb4 Bxb4 20. Bf4 O-O 21. g5 Qb6 22. b3 g6 23. fxe6 fxe6 24. Bg4 Nc5 25. Na2 a5 26. Nxb4 axb4 27. Be3 Ra8 28. Rf4 Rfe8 29. Bd4 Bd7 30. Qh3 Qa6 31. Rdf1 Rec8 0-1

[Event "2nd Bundesliga Nord 2024-25"]
[Site "Germany"]
[Date "2024.11.30"]
[Round "2.10"]
[White "Rotstein, Arkadij"]
[Black "Olsen, Filip Boe"]
[Result "0-1"]
[Annotator "ChessBase"]
[ECO "A06"]
[WhiteElo "2432"]
[BlackElo "2470"]
[PlyCount "78"]
[EventDate "2024.11.29"]
[EventType "team-tourn"]
[EventCountry "GER"]
[SourceTitle "playchess.com"]
[Source "ChessBase"]
[SourceQuality "1"]
[TimeControl "40/5400+30:1800+30"]

1. Nf3 d5 2. e3 Nf6 3. b3 e6 4. Bb2 b6 5. g3 Bb7 6. Bg2 Nbd7 7. O-O Bd6 8. c4 a6 9. Nc3 dxc4 10. bxc4 e5 11. d4 exd4 12. Qxd4 O-O 13. Nd5 Re8 14. Rad1 b5 15. Nh4 Bxd5 16. cxd5 Nb6 17. Qd3 Nc4 18. Bd4 Be5 19. Bxe5 Rxe5 20. Qd4 Qd6 21. e4 Rae8 22. Rfe1 Qb4 23. a3 Qa5 24. Qc5 Rxd5 25. Qc6 Rd6 26. Qb7 Nb2 27. Rb1 Nd3 28. Re2 g6 29. Rc2 c5 30. Nf3 Rd7 31. Qc6 Re6 32. Qa8+ Rd8 33. Rxb5 Qxb5 34. Qxd8+ Re8 35. Qxf6 Qb1+ 36. Bf1 Qxc2 37. Ng5 Ne5 38. Bxa6 h6 39. Nh3 Qxe4 0-1

[Event "2nd Bundesliga Nord 2024-25"]
[Site "Germany"]
[Date "2024.11.30"]
[Round "2.11"]
[White "Pajeken, Jakob Leon"]
[Black "Suvorov, Alexander"]
[Result "1/2-1/2"]
[Annotator "TA"]
[ECO "B07"]
[WhiteElo "2417"]
[BlackElo "2356"]
[PlyCount "101"]
[EventDate "2024.11.29"]
[EventType "team-tourn"]
[EventCountry "GER"]
[SourceTitle "playchess.com"]
[Source "ChessBase"]
[SourceQuality "1"]
[TimeControl "40/5400+30:1800+30"]

1. e4 g6 2. d4 Bg7 3. Nc3 d6 4. Be3 Nf6 5. f3 a6 6. Qd2 Nbd7 7. g4 e5 (7... b5 $14) 8. dxe5 {[%emt 0:11:52] White is better.} Nxe5 9. O-O-O h5 (9... O-O $14) 10. Bg5 (10. g5 $142 Ng8 11. Bd4) 10... Qd7 $16 11. Bxf6 Bxf6 12. g5 Bg7 13. f4 Nc6 14. Nd5 Qd8 15. Bh3 (15. Re1 $16) 15... Bxh3 $11 16. Nxh3 Qd7 17. f5 O-O-O 18. Rhf1 Be5 19. Rf3 (19. Kb1 {simplifies} Ne7 20. Nhf4 Bxf4 21. Rxf4 Nxd5 22. exd5 Rde8 23. fxg6 fxg6 24. Rf6) 19... Ne7 20. Nhf4 Nxd5 (20... Kb8 {simplifies} 21. Nxe7 Bxf4 22. Rxf4 Qxe7 23. h4 Qe5) 21. Nxd5 Kb8 22. Rb3 Qa4 {[%emt 0:00:59] Against Qa5} (22... gxf5 {simplifies} 23. exf5 c6 24. Nb4 Ka8) 23. Re1 ({White should try} 23. Kb1 $1 $14) 23... Rhe8 ({Much weaker is} 23... Qxa2 $6 24. Qb4 b5 25. Ra3 $14) (23... c6 $5 24. Ne7 Rd7 $11) 24. f6 Re6 (24... c6 $142 25. Ne7 Qc4) 25. Kb1 Rde8 (25... Qc4 $11 {remains equal.}) 26. Ne7 {[%emt 0:00:54] White is more active.} ({White should play} 26. h4 $16) 26... Ka8 27. a3 $40 {[%emt 0:01:08][%cal Oe7g6][%mdl 128] White mounts an attack.} Qc4 $2 {[%emt 0:00:31] [#] Loses the game.} (27... Qd4 $14 28. Qe2 R8xe7 29. fxe7 Bg7) 28. Qd5 $18 Qxd5 29. exd5 R8xe7 30. fxe7 ({Less strong is} 30. dxe6 Rxe6 31. Rbe3 b6 $16) 30... Rxe7 {[%emt 0:00:01][%mdl 4096] Endgame. KRR-KRB} 31. Rf3 Ka7 32. c4 a5 {[%emt 0:00:47] White is clearly better.} 33. b3 Kb6 34. Kc2 c6 35. dxc6 Kxc6 36. h3 Kd7 37. Kd3 b6 38. Re2 Ke6 (38... Ke8 $142 39. Ref2 Ba1) 39. h4 {[%emt 0:01:25][%cal Oe2e5] aiming for Rxe5+!} Kd7 40. Re4 Ke8 41. Re1 Kd7 (41... Bb2 $16 42. Rfe3 Rxe3+ 43. Rxe3+ Kd7) 42. Re2 Ke8 43. Ref2 Kf8 44. Rf1 Bb2 45. a4 Ke8 46. Rb1 Ba3 47. Re3 Rxe3+ 48. Kxe3 {[%emt 0:00:00] Strongly threatening Ke4.} Ke7 49. Ke4 Ke6 50. Rd1 Bb4 51. Rf1 {[%emt 0:00:00] Weighted Error Value: White=0.22 (precise) /Black=0.26 (precise) .  Loses game:     	---       	Black=1      Mistake:       	White=4     	Black=6      Inaccurate:     	White=4     	Black=3      OK:         	White=14    	Black=12     Best:        	White=1     	Black=4} 1/2-1/2

[Event "2nd Bundesliga Nord 2024-25"]
[Site "Germany"]
[Date "2024.11.30"]
[Round "2.12"]
[White "Suvorov, Luca"]
[Black "Arndt, Magnus"]
[Result "1-0"]
[Annotator "ChessBase"]
[ECO "E46"]
[WhiteElo "2388"]
[BlackElo "2388"]
[PlyCount "93"]
[EventDate "2024.11.29"]
[EventType "team-tourn"]
[EventCountry "GER"]
[SourceTitle "playchess.com"]
[Source "ChessBase"]
[SourceQuality "1"]
[TimeControl "40/5400+30:1800+30"]

1. d4 Nf6 2. c4 e6 3. Nc3 Bb4 4. e3 O-O 5. Nge2 Re8 6. a3 Bf8 7. Ng3 d5 8. Be2 b6 9. cxd5 exd5 10. O-O a5 11. Nh5 Nxh5 12. Bxh5 c6 13. Bf3 Bf5 14. Re1 Ra7 15. Bd2 Rd7 16. Rc1 Rd6 17. g3 Nd7 18. Bg2 b5 19. a4 b4 20. Ne2 g5 21. h3 h5 22. g4 Bg6 23. Ng3 h4 24. Nf5 Bxf5 25. gxf5 Nf6 26. Rf1 Ne4 27. Be1 Rh6 28. Qg4 Kh8 29. Kh1 Bg7 30. Rg1 Nf6 31. Qxg5 Rh5 32. Qf4 Qd7 33. Bf3 Bh6 34. Qh2 Rxf5 35. Bg4 Nxg4 36. hxg4 Rf3 37. Qxh4 Kg7 38. Kg2 Rf6 39. g5 Rg6 40. Kf1 Bxg5 41. Rxg5 Rh8 42. Rxg6+ fxg6 43. Qg3 Rh3 44. Qe5+ Kh7 45. Ke2 Rh1 46. Qf6 Qh3 47. Kd2 1-0

[Event "2nd Bundesliga Nord 2024-25"]
[Site "Germany"]
[Date "2024.11.30"]
[Round "2.13"]
[White "Ermitsch, Magnus"]
[Black "Korotkjevich, Stanislav"]
[Result "0-1"]
[Annotator "TA"]
[ECO "B32"]
[WhiteElo "2399"]
[BlackElo "2360"]
[PlyCount "74"]
[EventDate "2024.11.29"]
[EventType "team-tourn"]
[EventCountry "GER"]
[SourceTitle "playchess.com"]
[Source "ChessBase"]
[SourceQuality "1"]
[TimeControl "40/5400+30:1800+30"]

1. e4 c5 2. Nf3 Nc6 3. d4 cxd4 4. Nxd4 e5 5. Nb5 d6 6. c4 Be7 7. N1c3 a6 8. Na3 Be6 9. Nc2 Nf6 10. Be2 O-O 11. O-O Rc8 {[%emt 0:00:49] White is slightly better.} 12. Be3 Na5 13. b3 b5 14. Nd5 Bxd5 (14... bxc4 $2 15. Bb6 Qd7 16. Bxa5 $18) 15. exd5 bxc4 16. b4 Nb7 17. Na3 {[%emt 0:01:46][%mdl 1024] White has compensation.} a5 18. b5 (18. Nxc4 {simplifies} axb4 19. Rb1 Nc5 20. Rxb4 Nfd7 21. a4) 18... c3 19. Rc1 Ne4 20. Bd3 ({Better is} 20. Bg4 $14 Rb8 21. Bf5) 20... Nbc5 $11 21. Bxc5 Nxc5 22. Rxc3 e4 23. Be2 f5 24. Nc4 Bf6 25. Rh3 g6 26. Qd2 a4 27. f3 $2 {[%emt 0:06:36] [#]} (27. Rb1 $11 {and White has nothing to worry.}) 27... Qe7 (27... Nd3 $1 $19 28. fxe4 (28. Bxd3 $2 exd3 29. Qxd3 Qc7 $19) 28... Bd4+ (28... Rxc4 $2 {loses.} 29. Bxd3 Rd4 30. exf5 $18) 29. Kh1 (29. Ne3 $2 fxe4 30. Bxd3 exd3 $19) 29... Nf2+ 30. Rxf2 Bxf2 31. exf5 Rxf5) 28. fxe4 $2 {[%emt 0:06:09] Loses the game.} (28. Kh1 $17) 28... Nxe4 $19 29. Qd3 Rfe8 {[%emt 0:03:37][%cal Oc8c4] aiming for ...Rxc4!} 30. b6 {[%emt 0:15:54] [#]} Nc5 $1 31. Qd1 Qxe2 32. Nxd6 Qa6 33. Nxc8 (33. Kh1 {was worth a try.}) 33... Rxc8 {[%emt 0:00:05] Black is clearly winning.} 34. d6 Qxb6 35. Kh1 Rd8 36. Qd5+ Kg7 37. Rd1 Ne4 {[%emt 0:00:13] Weighted Error Value: White=0.65/Black=0.18 (very precise) .  Loses game:     	White=2     	---        Mistake:       	White=2     	Black=1      Inaccurate:     	White=2     	Black=1      OK:         	White=12    	Black=10     Best:        	White=1     	Black=4      Strong:       	---       	Black=1} 0-1

[Event "2nd Bundesliga Nord 2024-25"]
[Site "Germany"]
[Date "2024.11.30"]
[Round "2.14"]
[White "Gallasch, Jonas"]
[Black "Kopylov, Daniel"]
[Result "0-1"]
[Annotator "ChessBase"]
[ECO "A34"]
[WhiteElo "2301"]
[BlackElo "2369"]
[PlyCount "80"]
[EventDate "2024.11.29"]
[EventType "team-tourn"]
[EventCountry "GER"]
[SourceTitle "playchess.com"]
[Source "ChessBase"]
[SourceQuality "1"]
[TimeControl "40/5400+30:1800+30"]

1. Nf3 c5 2. c4 Nf6 3. Nc3 d5 4. cxd5 Nxd5 5. e3 Nxc3 6. dxc3 Qc7 7. e4 Nc6 8. Be3 e6 9. Nd2 Be7 10. Qg4 O-O 11. Qg3 Bd6 12. f4 Rd8 13. Bc4 a6 14. a4 Rb8 15. O-O b5 16. axb5 axb5 17. Be2 c4 18. Nf3 e5 19. f5 f6 20. Qf2 Na5 21. Nd2 Nb7 22. b4 Qc6 23. Qh4 Bc7 24. Rf3 Bb6 25. Nf1 Nd6 26. Rh3 h6 27. Rg3 Qxe4 28. Qxf6 Nxf5 29. Bxb6 Rf8 30. Qxf8+ Kxf8 31. Bf3 Qc2 32. Bc5+ Kg8 33. Bd5+ Kh7 34. Rf3 Bb7 35. Bxb7 Rxb7 36. Re1 Nh4 37. Rg3 Rf7 38. h3 Rf4 39. Rxe5 Qc1 40. Bf2 Rxf2 0-1

[Event "2nd Bundesliga Nord 2024-25"]
[Site "Germany"]
[Date "2024.11.30"]
[Round "2.15"]
[White "Holtel, Jasper"]
[Black "Pauly, Carlo"]
[Result "1-0"]
[Annotator "ChessBase"]
[ECO "E68"]
[WhiteElo "2344"]
[BlackElo "2319"]
[PlyCount "65"]
[EventDate "2024.11.29"]
[EventType "team-tourn"]
[EventCountry "GER"]
[SourceTitle "playchess.com"]
[Source "ChessBase"]
[SourceQuality "1"]
[TimeControl "40/5400+30:1800+30"]

1. c4 Nf6 2. g3 g6 3. Bg2 Bg7 4. Nc3 O-O 5. d4 d6 6. h3 Nbd7 7. e4 e5 8. Nf3 exd4 9. Nxd4 Re8 10. O-O Nc5 11. Re1 a5 12. Ndb5 Bd7 13. Qc2 Bxb5 14. cxb5 Nfd7 15. Be3 h5 16. Rad1 h4 17. g4 g5 18. Qc1 Ne6 19. e5 Nxe5 20. Bxb7 Qf6 21. Nd5 Nf3+ 22. Kh1 Qe5 23. Ne7+ Rxe7 24. Bxf3 Rae8 25. Bc6 Rf8 26. Bxg5 Qxg5 27. Qxg5 Nxg5 28. Rxe7 Nxh3 29. Rd2 f5 30. gxf5 Rxf5 31. Rxc7 Nxf2+ 32. Kg1 h3 33. Rxg7+ 1-0

[Event "2nd Bundesliga Nord 2024-25"]
[Site "Germany"]
[Date "2024.11.30"]
[Round "2.16"]
[White "Marcziter, Dmitrii"]
[Black "Haug, Havard"]
[Result "0-1"]
[Annotator "ChessBase"]
[ECO "E00"]
[WhiteElo "2187"]
[BlackElo "2352"]
[PlyCount "74"]
[EventDate "2024.11.29"]
[EventType "team-tourn"]
[EventCountry "GER"]
[SourceTitle "playchess.com"]
[Source "ChessBase"]
[SourceQuality "1"]
[TimeControl "40/5400+30:1800+30"]

1. d4 d5 2. c4 e6 3. a3 Nf6 4. Nc3 Be7 5. Bg5 O-O 6. e3 h6 7. Bh4 Re8 8. Qc2 a5 9. cxd5 exd5 10. Bd3 c6 11. Nge2 Na6 12. O-O Nc7 13. f3 c5 14. Bf2 c4 15. Bf5 b5 16. Ng3 b4 17. axb4 axb4 18. Nce2 b3 19. Qd2 Be6 20. Bxe6 Nxe6 21. h3 Qb6 22. e4 Bb4 23. Nc3 Bxc3 24. Qxc3 Nf4 25. Qd2 Nd3 26. e5 Nd7 27. Nf5 Qb4 28. Qe2 Nf8 29. Be3 Ra2 30. Rab1 Qc3 31. f4 Rxb2 32. Rxb2 Nxb2 33. Bd2 Qd3 34. Qg4 Ng6 35. Nxh6+ gxh6 36. f5 h5 37. fxg6 Qxf1+ 0-1